 Dungeon Crawl Stone Soup version 0.31-a0-750-gfe7b580527 (webtiles) character file.

Game seed: 7022834349575534864

877 heikuro the Shield-Bearer (level 8, -4/62 HPs)
             Began as a Formicid Fighter on Sept 15, 2023.
             Was an Initiate of Okawaru.
             Slain by a vampire mosquito (10 damage)
             ... on level 6 of the Dungeon.
             The game lasted 00:08:46 (4734 turns).

heikuro the Shield-Bearer (Formicid Fighter)        Turns: 4734, Time: 00:08:47

Health: -4/62      AC: 12    Str: 22    XL:     8   Next: 25%
Magic:  9/9        EV:  6    Int:  9    God:    Okawaru [......]
Gold:   253        SH:  5    Dex: 13    Spells: 7/7 levels left

rFire   . . .        a - +0 war axe
rCold   . . .        c - +0 buckler
rNeg    . . .        q - +0 plate armour
rPois   .            (helmet unavailable)
rElec   .            e - scarf {shadows}
rCorr   .            (no gloves)
SInv    +            (no boots)
Will    .....        (no amulet) Stlth
                     (no ring)
HPRegen 0.30/turn    (no ring)
MPRegen 0.11/turn

%: no passive effects
@: mighty
A: permanent stasis, dig shafts and tunnels, antennae 3, four strong arms
a: Dig, Shaft Self, Renounce Religion


You were on level 6 of the Dungeon.
You worshipped Okawaru.
Okawaru was noncommittal.
You visited 2 branches of the dungeon, and saw 7 of its levels.

You collected 253 gold pieces.

Inventory:

Hand Weapons
 a - a +0 war axe (weapon)
Missiles
 j - 2 poisoned darts (quivered)
 v - 6 curare-tipped darts
Armour
 c - a +0 buckler (worn)
 e - a scarf of shadows (worn)
 q - a +0 plate armour (worn)
Wands
 h - a wand of flame (23)
Scrolls
 b - a scroll of fear {unknown}
 f - a scroll of identify
 g - a scroll of torment {unknown}
 i - a scroll of brand weapon {unknown}
 k - 3 scrolls of teleportation {unknown}
 n - a scroll of poison {unknown}
 p - a scroll of amnesia {unknown}
 s - a scroll of blinking {unknown}
 u - a scroll of immolation {unknown}
Potions
 l - 4 potions of curing
 m - a potion of cancellation
 o - 2 potions of enlightenment
 r - a potion of ambrosia
 t - a potion of berserk rage {unknown}


   Skills:
 + Level 5.3 Fighting
 * Level 5.8 Axes
 + Level 5.3 Armour
 + Level 6.4 Shields
 + Level 1.4 Invocations


You had 7 spell levels left.
You didn't know any spells.
Your spell library contained the following spells:

 Spells                   Type           Power      Damage    Failure   Level
 Malign Gateway           Summ/Tloc      Unusable   N/A       N/A         7
 Summon Horrible Things   Summ           Unusable   N/A       N/A         8

Dungeon Overview and Level Annotations

Branches:
Dungeon (6/15)             Temple (1/1) D:5

Altars:
Cheibriados
Dithmenos
Elyvilon
Fedhas
Kikubaaqudgha
Makhleb
Nemelex Xobeh
Okawaru
Qazlal
Ru
Sif Muna
Trog
Uskayaw
Vehumet
Wu Jian
Xom
Yredelemnul
Zin
The Shining One


Innate Abilities, Weirdness & Mutations

You cannot be hasted, slowed, berserked, paralysed or teleported.
You can dig through walls and to a lower floor.
You have a pair of large antennae on your head. (SInv)
Your four strong arms can wield two-handed weapons with a shield.


Message History

You closely miss the kobold brigand.
The kobold brigand is severely wounded.
The vampire mosquito buzzes angrily.
The kobold brigand barely misses you.
You miss the kobold brigand.
The kobold brigand is severely wounded.
The kobold brigand hits you with a +0 dagger.
You feel very mighty all of a sudden.
The vampire mosquito bites you but does no damage.
The kobold brigand barely misses you. The vampire mosquito bites you!
* * * LOW HITPOINT WARNING * * *
The vampire mosquito draws strength from your injuries!
You hit the kobold brigand.
The kobold brigand is almost dead.
You slice the vampire mosquito!! You hit the vampire mosquito.
The vampire mosquito barely misses you.
You block the vampire mosquito's attack.
You block the kobold brigand's attack.
The vampire mosquito bites you but does no damage.
The kobold brigand hits you with a +0 dagger.
* * * LOW HITPOINT WARNING * * *
You barely miss the kobold brigand.
The kobold brigand is almost dead.
You miss the vampire mosquito. You closely miss the vampire mosquito.
You block the vampire mosquito's attack.
The vampire mosquito completely misses you.
The vampire mosquito bites you.
* * * LOW HITPOINT WARNING * * *
The vampire mosquito draws strength from your injuries!
The vampire mosquito bites you but does no damage.
You block the kobold brigand's attack.
The vampire mosquito bites you but does no damage.
You hit the vampire mosquito but do no damage.
You miss the vampire mosquito. You closely miss the vampire mosquito.
You hit the kobold brigand but do no damage.
The vampire mosquito bites you.
* * * LOW HITPOINT WARNING * * *
The vampire mosquito draws strength from your injuries!
The vampire mosquito bites you!
You die...

......## ..
#......####..
#.......#
##......#
##<...... #
###........
<.##.#..##....
.....y)## ....
.....K@####.#.
.....#yy....#
......)##....
........, ###
.........
#....#....
#..###....#
... ......


You could see 3 vampire mosquitoes and a kobold brigand.

Vanquished Creatures
  Sigmund (D:2)
  2 black bears (D:5)
  A jelly (D:4)
  3 hounds
  3 sleepcaps
  Jessica (D:2)
  An orc wizard (D:5)
  Robin (D:2)
  7 gnolls
  6 adders
  3 shadow imps
  An ufetubus (D:4)
  A worm (D:2)
  A dart slug (D:2)
  6 orcs
  4 ball pythons
  5 endoplasms
  3 giant cockroaches
  14 goblins
  7 hobgoblins
  3 jackals (D:3)
  12 kobolds
  5 quokkas
  5 bats
  4 frilled lizards
  5 rats
105 creatures vanquished.

Notes
Turn   | Place    | Note
-------+----------+-------------------------------------------
     0 | D:1      | heikuro the Formicid Fighter began the quest for the Orb.
     0 | D:1      | Reached XP level 1. HP: 18/18 MP: 1/1
   255 | D:1      | Reached XP level 2. HP: 24/24 MP: 2/2
   545 | D:1      | Reached XP level 3. HP: 29/29 MP: 3/3
   963 | D:2      | Noticed Robin
   979 | D:2      | Reached XP level 4. HP: 18/37 MP: 4/4
   980 | D:2      | Killed Robin
  1099 | D:2      | Noticed Jessica
  1103 | D:2      | Killed Jessica
  1157 | D:2      | Reached XP level 5. HP: 42/42 MP: 5/5
  1680 | D:2      | Noticed Sigmund
  1691 | D:2      | Killed Sigmund
  1692 | D:2      | Reached skill level 5 in Shields
  1692 | D:2      | Reached XP level 6. HP: 40/49 MP: 6/6
  2676 | D:4      | Reached XP level 7. HP: 30/55 MP: 7/7
  3323 | D:5      | Entered Level 5 of the Dungeon
  3338 | D:5      | Reached skill level 5 in Axes
  3688 | D:5      | Reached skill level 6 in Shields
  3689 | D:5      | Reached skill level 5 in Fighting
  3939 | D:5      | Found a staircase to the Ecumenical Temple.
  3955 | D:5      | Reached skill level 5 in Armour
  3959 | Temple   | Entered the Ecumenical Temple
  3964 | Temple   | Became a worshipper of Warmaster Okawaru
  4309 | D:5      | Reached XP level 8. HP: 61/62 MP: 8/8
  4599 | D:5      | Reached skill level 1 in Invocations
  4734 | D:6      | Slain by a vampire mosquito

Illustrated notes

Levels and vault maps discovered:
D:1:      minmay_arrival_stone_box, layout_basic, chequers_serial_rivers_large_a
D:2:      layout_rooms, kennysheep_generic_room_3, uniq_robin, uniq_jessica,
          uniq_sigmund
D:3:      layout_loops_cross, minivault_23
D:4:      layout_basic, minmay_between
D:5:      layout_loops_ring, minmay_temple_entry_wispy,
          corexii_item_surrounded_by_moat, dk_noncrumbling_2,
          dreamdust_princess_bridge, serial_park_tiny_1, roderic_lattice_a,
          minmay_misc_feat_nine_boxes
D:6:      layout_cave_pools, nicolae_overflow_crystal_walls,
          eino_small_chamber_without_monster
Temple:   compressed_dpeg_triangle_lava_temple

Skill      XL: |  1  2  3  4  5  6  7  8 |
---------------+-------------------------+-----
Axes           | 3 4 5 |  5.8
Fighting       | 4 5 |  5.3
Armour         | 4 5 |  5.3
Shields        | 5 6 |  6.4
Invocations    | 1 |  1.4

Action                     |  1- 3 |  4- 6 |  7- 9 || total
---------------------------+-------+-------+-------++-------
  Melee: War axe           |    65 |   132 |   119 ||   316
  Throw: Dart              |       |     1 |     2 ||     3
    Use: Scroll            |       |     4 |     1 ||     5
         Potion            |       |       |     1 ||     1
 Armour: Scale mail        |    53 |    69 |       ||   122
         Plate armour      |       |    25 |   156 ||   181
  Dodge: Dodged            |    48 |    64 |    47 ||   159
  Block: Buckler           |    24 |    35 |    40 ||    99

Table legend: (Time is in decaauts)
 A = Elapsed time spent in this place.
 B = Non-inter-level travel time spent in this place.
 C = Inter-level travel time spent in this place.
 D = Time resting spent in this place.
 E = Time spent auto-exploring this place.
 F = Levels seen in this place.
 G = Mean time per level.
                   A        B        C        D        E       F      G
               +--------+--------+--------+--------+--------+-----+--------+
         Total |   4851 |   4683 |    168 |    495 |   3025 |   7 |  693.0 |
       Dungeon |   4841 |   4673 |    168 |    495 |   3025 |   6 |  806.8 |
        Temple |     10 |     10 |      0 |      0 |      0 |   1 |   10.0 |
               +--------+--------+--------+--------+--------+-----+--------+

Top non-repeatable levels by time:
     D:5: 1362 daAuts
     D:1: 1022 daAuts
     D:4: 956 daAuts
     D:2: 816 daAuts
     D:3: 632 daAuts
     D:6: 50 daAuts
  Temple: 10 daAuts
